Map: [TLMC15] Glittering Ashes

Players

Trap

  • Race: Protoss Protoss

Serral - Winner!

  • Race: Zerg Zerg

Event: StayAtHome Story Cup #4

VOD

Have the link to the VOD?

Description

Time

  • Played on: Oct. 22, 2021, 9:50 a.m.
  • Length: 23:16

All games in this series

Show
View Real Time Build Order
Export as new Build Order

Trap Protoss 

Build Orders: 1 Gate Expand, Oracle Opening, Archon Immortal, Archon Drop 

Get SALT Encoding   

  12  0:00  Probe  
  13  0:13  Pylon  
  13  0:17  Probe (Chrono Boost)  
  14  0:27  Probe (Chrono Boost)  
  15  0:32  Probe (Chrono Boost)  
  16  0:42  Gateway  
  16  0:44  Probe  
  16  0:49  Assimilator  
  17  0:56  Probe  
  18  1:08  Probe  
  19  1:20  Probe  
  19  1:25  Nexus  
  20  1:36  Cybernetics Core  
  20  1:38  Probe  
  21  1:44  Assimilator  
  21  1:51  Probe  
  22  1:56  Pylon  
  22  2:03  Probe (Chrono Boost)  
  23  2:13  Adept  
  23  2:15  Probe (Chrono Boost)  
  26  2:18  Stargate  
  26  2:22  Probe (Chrono Boost)  
  27  2:27  Warp Gate  
  27  2:31  Probe (Chrono Boost)  
  28  2:37  Probe (Chrono Boost)  
  28  2:43  Adept  
  32  2:46  Probe (Chrono Boost)  
  32  2:48  Probe (Chrono Boost)  
  33  2:54  Probe  
  33  2:56  Probe  
  35  2:59  Oracle (Chrono Boost)  
  38  3:06  Probe  
  38  3:08  Probe  
  38  3:09  Pylon  
  40  3:16  Stalker  
  40  3:18  Probe  
  43  3:20  Probe  
  43  3:26  Gateway  
  44  3:30  Probe  
  44  3:32  Probe  
  46  3:37  Oracle  
  48  3:44  Pylon  
  48  3:45  Probe x2  
  48  4:00  Probe x2  
  48  4:02  Assimilator  
  48  4:03  Assimilator  
  48  4:12  Nexus  
  48  4:15  Probe x2  
  50  4:18  Robotics Facility  
  50  4:21  Adept x2  
  54  4:28  Pylon  
  54  4:30  Probe x2  
  56  4:35  Twilight Council  
  56  4:42  Probe x2  
  58  4:47  Shield Battery  
  58  4:56  Gateway  
  58  4:57  Probe x2  
  58  4:58  Gateway  
  60  5:07  Warp Prism  
  60  5:11  Templar Archives  
  60  5:12  Charge (Chrono Boost)  
  64  5:19  Gateway  
  62  5:22  Gateway  
  62  5:29  Gateway  
  62  5:31  Gateway  
  62  5:34  Probe x2  
  64  5:36  Probe  
  65  5:46  Probe x2  
  65  5:48  Probe  
  68  5:50  High Templar x3  
  68  5:55  High Templar, Shield Battery x2  
  76  5:58  Immortal (Chrono Boost)  
  76  5:59  Archon  
  76  6:00  Archon  
  80  6:04  Pylon  
  80  6:10  Pylon, Probe x3  
  83  6:15  Pylon  
  83  6:27  Immortal (Chrono Boost)  
  83  6:31  Probe x3  
  87  6:36  Sentry x3  
  87  6:37  Zealot x4  
  101  6:42  Zealot  
  101  6:44  Forge  
  103  6:50  Assimilator  
  103  6:52  Assimilator, Probe x2  
  106  6:59  Immortal (Chrono Boost)  
  109  7:02  Pylon  
  109  7:04  Psionic Storm  
  109  7:07  Protoss Ground Weapons Level 1 (Chrono Boost)  
  109  7:09  Pylon  
  109  7:10  Pylon  
  107  7:17  Probe x2  
  107  7:20  Probe  
  110  7:30  Photon Cannon  
  110  7:31  Photon Cannon, Immortal (Chrono Boost)  
  110  7:35  Photon Cannon  
  114  7:37  High Templar  
  114  7:40  Probe x3  
  114  7:43  Pylon  
  119  7:44  Pylon, High Templar  
  121  7:52  Probe  
  121  7:53  High Templar  
  124  7:59  Photon Cannon  
  124  8:00  Photon Cannon, High Templar  
  126  8:10  Observer (Chrono Boost)  
  126  8:11  Pylon  
  127  8:13  Pylon  
  127  8:14  Pylon  
  127  8:20  Pylon  
  127  8:21  Pylon  
  127  8:23  Zealot x6  
  139  8:28  Fleet Beacon  
  137  8:36  Zealot x2  
  135  8:42  Immortal (Chrono Boost)  
  135  8:47  Blink  
  135  8:48  Robotics Facility  
  133  8:49  Pylon  
  127  9:05  High Templar x2, Zealot x2  
  127  9:06  Zealot x4  
  127  9:09  Archon  
  135  9:13  Immortal (Chrono Boost)  
  137  9:18  Mothership (Chrono Boost)  
  133  9:26  Nexus  
  137  9:38  Protoss Ground Weapons Level 2 (Chrono Boost)  
  129  9:46  Immortal (Chrono Boost)  
  129  9:47  Immortal (Chrono Boost)  
  133  10:04  High Templar  
  133  10:05  Zealot x7  
  148  10:10  Gateway  
  148  10:11  Gateway  
  148  10:18  Immortal  
  148  10:19  Warp Prism  
  154  10:24  Nexus  
  135  10:38  Archon  
  125  10:48  High Templar x2  
  125  10:49  High Templar x2, Zealot x4  
  124  10:57  Immortal (Chrono Boost)  
  124  11:00  Observer (Chrono Boost)  
  129  11:15  Stalker x4  
  137  11:21  Stalker x6  
  142  11:35  Probe  
  142  11:36  Pylon, Probe x3  
  142  11:38  Pylon  
  144  11:40  Pylon  
  128  11:49  Zealot x2  
  128  11:50  Zealot x4  
  140  12:04  Immortal x2  
  146  12:14  Carrier (Chrono Boost)  
  142  12:19  Stargate  
  140  12:24  Pylon, Probe x4  
  140  12:36  High Templar x2, Zealot  
  140  12:37  Zealot x6  
  150  12:40  Archon  
  150  12:43  Shield Battery  
  156  12:56  Stargate, Protoss Air Weapons Level 1  
  156  13:02  Assimilator x2  
  156  13:03  Carrier (Chrono Boost)  
  161  13:12  Robotics Bay  
  167  13:20  Carrier (Chrono Boost)  
  167  13:35  Nexus  
  166  13:50  Carrier (Chrono Boost)  
  172  14:00  Zealot  
  172  14:06  Carrier (Chrono Boost)  
  172  14:28  Nexus  
  172  14:41  High Templar x4  
  180  14:48  Archon x2  
  177  14:53  High Templar x2  
  177  14:55  Zealot x2  
  174  15:09  Probe x3, Observer  
  164  15:31  Zealot x2  
  160  15:39  Observer x2  
  149  16:10  Zealot x2  
  149  16:21  Oracle  
  147  16:35  Nexus  
  147  16:40  High Templar x4  
  122  17:32  Observer  
  122  17:35  Disruptor (Chrono Boost)  
  122  17:36  Disruptor (Chrono Boost)  
  119  18:04  Disruptor  
  119  18:05  Observer  
  123  18:09  Nexus  
  123  18:23  Zealot x2  
  127  18:29  Disruptor  
  118  18:40  Disruptor (Chrono Boost)  
  112  19:09  Disruptor (Chrono Boost)  
  95  19:15  Assimilator  
  98  19:25  Zealot x4  
  98  19:31  Probe x4  
  104  19:43  Probe  
  105  19:49  Probe  
  105  19:50  Probe x2  
  108  19:54  Observer  
  108  19:55  Probe  
  108  19:56  Observer  
  103  20:13  Zealot x3  
  104  20:21  Assimilator  
  104  20:24  Assimilator  
  102  20:45  Pylon  
  82  20:57  Disruptor x2 (Chrono Boost)  
  82  21:03  Probe x3  
  82  21:04  Probe  
  83  21:05  Observer  
  81  21:15  Probe  
  82  21:21  High Templar x2  
  86  21:29  High Templar  
  87  21:44  Disruptor  
  87  21:46  Observer  
  77  22:09  High Templar x2  
  69  22:26  Archon  
  69  22:29  Archon  
Show
View Real Time Build Order
Export as new Build Order

Serral Zerg - Winner!

Build Orders: Hatch First, Lurkers, Swarm Host 

Get SALT Encoding   

  12  0:00  Drone  
  13  0:12  Overlord  
  13  0:16  Drone  
  14  0:31  Drone x2  
  16  0:46  Drone  
  17  0:52  Hatchery  
  17  0:54  Drone  
  17  0:58  Drone  
  18  1:08  Extractor  
  17  1:15  Spawning Pool  
  17  1:16  Drone  
  17  1:20  Drone  
  18  1:28  Drone  
  19  1:38  Drone  
  20  1:49  Overlord  
  20  2:02  Queen  
  20  2:04  Queen, Zergling x4  
  26  2:11  Drone  
  26  2:12  Metabolic Boost  
  26  2:15  Drone  
  28  2:21  Drone  
  29  2:26  Drone  
  30  2:39  Queen  
  30  2:43  Hatchery  
  31  2:46  Drone  
  31  2:48  Drone  
  31  2:51  Overlord  
  33  2:53  Drone  
  33  2:56  Drone  
  36  2:58  Drone  
  36  3:06  Overlord  
  36  3:09  Queen  
  36  3:11  Drone  
  39  3:13  Drone  
  39  3:15  Drone  
  39  3:16  Drone  
  42  3:20  Zergling x2  
  42  3:21  Drone  
  42  3:25  Drone  
  42  3:26  Drone  
  46  3:28  Overlord  
  46  3:33  Queen  
  48  3:40  Drone x2  
  49  3:44  Overlord  
  49  3:49  Zergling x4  
  49  3:54  Spore Crawler  
  48  3:57  Drone x4  
  48  4:00  Drone x2  
  53  4:04  Spore Crawler  
  53  4:05  Drone  
  53  4:08  Drone x2  
  55  4:13  Overlord  
  55  4:14  Drone  
  55  4:16  Drone  
  57  4:22  Drone x2, Spore Crawler  
  58  4:26  Queen  
  58  4:30  Drone x2  
  62  4:32  Drone x2  
  64  4:41  Zergling x4  
  64  4:44  Roach Warren  
  64  4:45  Drone x4  
  69  4:50  Drone  
  69  4:51  Drone x3  
  73  4:53  Drone  
  73  4:58  Overlord  
  72  5:02  Drone x2, Overlord  
  72  5:03  Drone  
  73  5:08  Lair  
  73  5:10  Extractor  
  73  5:11  Zergling x2, Extractor  
  73  5:12  Drone x2  
  74  5:16  Overlord  
  74  5:18  Extractor  
  74  5:19  Extractor  
  72  5:23  Overlord, Evolution Chamber  
  72  5:24  Drone x3  
  72  5:25  Drone  
  75  5:29  Drone x2  
  75  5:34  Drone x4  
  75  5:35  Overlord  
  80  5:47  Roach x3  
  86  5:52  Hatchery  
  86  5:53  Roach x2  
  86  5:54  Roach  
  86  5:57  Zerg Missile Weapons Level 1  
  91  6:00  Drone  
  91  6:01  Drone x4  
  95  6:05  Drone x4  
  95  6:09  Glial Reconstitution  
  99  6:15  Overlord x3, Extractor  
  99  6:18  Overlord  
  98  6:22  Overlord  
  98  6:23  Roach  
  98  6:25  Roach x2  
  104  6:27  Roach  
  104  6:34  Roach x4  
  104  6:37  Overseer  
  104  6:39  Infestation Pit  
  110  6:40  Overlord  
  110  6:42  Roach  
  112  6:47  Overlord  
  112  6:50  Roach x4  
  112  6:53  Ravager x2  
  112  6:54  Ravager  
  123  6:55  Roach x2  
  127  7:02  Roach x3  
  133  7:11  Ravager x2  
  134  7:22  Queen  
  133  7:24  Drone x4  
  133  7:27  Swarm Host  
  133  7:28  Swarm Host x4  
  154  7:34  Extractor  
  152  7:41  Swarm Host x2  
  152  7:43  Overlord x2  
  167  7:53  Overlord  
  167  7:54  Roach x3  
  167  7:55  Roach  
  174  8:04  Overlord  
  174  8:06  Overlord  
  174  8:08  Roach x9  
  192  8:14  Drone  
  192  8:15  Extractor  
  192  8:23  Roach x4  
  195  8:35  Roach x3  
  195  8:37  Zerg Missile Weapons Level 2  
  197  8:42  Roach  
  197  8:47  Hive  
  199  8:49  Hydralisk Den  
  195  8:58  Roach x8  
  189  9:06  Roach  
  189  9:07  Roach x6  
  200  9:13  Roach x3  
  198  9:23  Queen x2  
  198  9:28  Ravager x2  
  198  9:31  Spine Crawler  
  193  9:42  Roach x3  
  193  9:46  Roach x4  
  193  9:47  Roach  
  197  9:53  Lurker Den  
  197  9:57  Drone  
  197  9:59  Drone  
  196  10:07  Hydralisk x2  
  200  10:20  Spine Crawler x2  
  195  10:25  Hydralisk x5  
  167  10:47  Roach x14  
  167  10:49  Drone x5  
  180  10:52  Seismic Spines  
  180  10:53  Zerg Ground Armor Level 1, Lurker x2  
  180  10:54  Lurker x5  
  179  11:08  Muscular Augments  
  179  11:09  Ravager  
  179  11:10  Drone, Ravager  
  182  11:11  Hatchery  
  182  11:17  Hydralisk x6  
  182  11:18  Hydralisk  
  195  11:32  Overseer  
  188  11:37  Spore Crawler x2  
  188  11:38  Spore Crawler  
  188  11:39  Hydralisk x3  
  191  11:46  Hydralisk x3  
  176  11:51  Lurker x3  
  178  11:57  Hatchery  
  178  11:59  Hydralisk  
  178  12:00  Hydralisk x4  
  181  12:11  Hydralisk x5  
  189  12:19  Grooved Spines  
  185  12:26  Hydralisk x6  
  197  12:34  Overseer x2  
  197  12:35  Pneumatized Carapace  
  197  12:37  Overseer  
  197  12:47  Zerg Missile Weapons Level 3  
  195  12:52  Hatchery  
  188  13:07  Lurker x5  
  189  13:20  Zergling x22  
  197  13:38  Spore Crawler  
  197  13:40  Burrow  
  195  13:50  Lurker x5  
  200  14:05  Overlord  
  199  14:13  Drone, Spire  
  194  14:44  Hydralisk x3  
  198  14:51  Overseer  
  196  15:07  Overseer x3, Adaptive Talons  
  176  15:25  Hydralisk  
  176  15:26  Hydralisk x18  
  184  15:30  Hydralisk x9  
  193  15:39  Overlord x2  
  189  15:47  Hydralisk  
  189  15:48  Hydralisk x3  
  170  15:50  Overlord x3  
  140  16:10  Hydralisk x16  
  159  16:38  Extractor  
  159  16:39  Extractor  
  151  16:45  Hydralisk x5  
  161  16:51  Overseer  
  140  17:30  Overseer x2, Drone x2  
  140  17:31  Drone  
  140  17:33  Viper  
  140  17:35  Drone x4  
  140  17:36  Drone  
  148  17:46  Hatchery  
  148  17:47  Hydralisk x3  
  153  17:53  Hydralisk  
  152  18:10  Lurker x3  
  152  18:12  Hydralisk x2  
  159  18:21  Overlord  
  159  18:34  Hydralisk  
  138  18:46  Overseer  
  134  18:50  Viper x2  
  124  19:07  Hydralisk x7  
  138  19:18  Drone x3  
  141  19:29  Drone  
  141  19:30  Drone, Extractor  
  141  19:31  Drone x2  
  144  19:34  Overlord x2  
  144  19:35  Overlord  
  144  19:43  Overlord  
  144  19:59  Hydralisk x4  
  144  20:07  Hydralisk  
  136  20:15  Hydralisk x2  
  136  20:21  Lurker x2  
  140  20:22  Lurker  
  140  20:28  Lurker  
  139  20:38  Hydralisk x3  
  145  20:47  Lurker  
  146  20:56  Hydralisk x3  
  144  21:01  Hydralisk x28  
  144  21:02  Extractor  
  144  21:03  Drone x3  
  146  21:09  Hydralisk x2  
  147  21:18  Hydralisk x2  
  151  21:26  Lurker x5  
  156  21:33  Hydralisk  
  156  21:39  Hydralisk x2  
  153  21:57  Hydralisk x4  
  161  22:06  Drone  
  162  22:12  Hydralisk  
  164  22:18  Hatchery  
  164  22:20  Hydralisk x2  
  135  22:28  Hydralisk x2  
  132  22:30  Hydralisk  
  134  22:42  Hydralisk  
  134  22:43  Hydralisk x2  
  141  22:51  Drone x3  
Tags
 
Add a new tag
Caveats
  • Supply blocks, unpowered buildings, or Contaminate may cause inaccurate times.
  • Supply counts are checked every 10 seconds.